 Dungeon Crawl Stone Soup version 0.29-a0-529-gfa20dd96a1 (webtiles) character file.

Game seed: 15349003361771585900

5 nrs142 the Conjurer (level 1, -4/13 HPs)
             Began as a Demonspawn Conjurer on June 1, 2022.
             Slain by a gnoll
             ... wielding a +0 spear
              (9 damage)
             ... on level 1 of the Dungeon.
             The game lasted 00:00:51 (609 turns).

nrs142 the Conjurer (Demonspawn Conjurer)            Turns: 609, Time: 00:00:52

Health: -4/13      AC:  3    Str:  7    XL:     1   Next: 66%
Magic:  3/3        EV: 12    Int: 19    God:
Gold:   8          SH:  0    Dex: 11    Spells: 3/4 levels left

rFire   . . .      SeeInvis .   e - +0 spear
rCold   . . .      Faith    .   (no shield)
rNeg    . . .      Spirit   .   a - +0 robe
rPois   .          Reflect  .   g - +0 helmet
rElec   .          Harm     .   (no cloak)
rCorr   .          Rampage  .   (no gloves)
Will    .....                   (no boots)
Stlth   ++........              (no amulet)
HPRegen 0.04/turn               (no ring)
MPRegen 0.08/turn               (no ring)

@: no status effects
A: no striking features
a: no special abilities


You were on level 1 of the Dungeon.
You visited 1 branch of the dungeon, and saw 1 of its levels.

You collected 8 gold pieces.

Inventory:

Hand Weapons
 e - a +0 spear (weapon)
Armour
 a - a +0 robe (worn)
 g - a +0 helmet (worn)
Jewellery
 f - a +6 ring of strength
Scrolls
 c - a scroll of teleportation {unknown}
Potions
 b - a potion of magic
 d - a potion of attraction {unknown}


   Skills:
 + Level 1.9 Dodging
 + Level 1.9 Stealth
 + Level 2.1 Spellcasting
 + Level 4.0 Conjurations


You had 3 spell levels left.
You knew the following spells:

 Your Spells              Type           Power      Damage    Failure   Level
a - Magic Dart            Conj           68%        1d6       3%          1

Your spell library contained the following spells:

 Spells                   Type           Power      Damage    Failure   Level
 Searing Ray              Conj           34%        2d5       4%          2
 Dazzling Flash           Conj/Hex       18%        N/A       22%         3
 Fulminant Prism          Conj/Hex       4%         3d6       58%         4
 Iskenderun's Mystic Bla  Conj/Tloc      9%         2d4       58%         4


Dungeon Overview and Level Annotations

Branches:
Dungeon (1/15)

Altars:


Message History

Aim: a goblin, wielding a +0 dagger (heavily wounded, 100% to hit)
The magic dart hits the goblin.
You kill the goblin!
You see here a +0 dagger.
Things that are here:
a +0 club; a kobold corpse You see here a +0 spear.
e - a +0 spear
e - a +0 spear (weapon)
HP restored.
You open the door.
There is an open door here.
f - a +6 ring of strength You open the door.
There is an open door here.
You open the door.
Found 26 stones.
There is an open door here.
You open the door.
There is an open door here.
Found a helmet.
Found a whip.
You see here a +0 helmet.
g - a +0 helmet You start putting on your armour.
You continue putting on your +0 helmet. x4
You finish putting on your +0 helmet.
Found a spear.
You see here a +0 whip.
Found a stone staircase leading down.
There is a stone staircase leading down here.
A gnoll comes into view. It is wielding a +0 spear.
The gnoll hits you from afar with a +0 spear.
You reach to attack!
You barely miss the gnoll. The gnoll barely misses you.
You reach to attack!
You hit the gnoll but do no damage.
The gnoll hits you from afar with a +0 spear.
You are too injured to fight recklessly!
You are too injured to fight recklessly!
The gnoll hits you from afar with a +0 spear!
Ouch! That really hurt!
You die...

### #.. ########## #.#
#......... #.#
#.######## #.# #.# #...
#g# #.# #.## #######.#
#.#####.## #...>..@#
#........)
#.###################.##
#.......................
#####################.#.
#................#.
#.################. #.#
#.....)... #.#
#.######## #.# #.#


You could see a gnoll.

Vanquished Creatures
  A bat (D:1)
  A goblin (D:1)
  A hobgoblin (D:1)
  A kobold (D:1)
4 creatures vanquished.

Notes
Turn   | Place    | Note
-------+----------+-------------------------------------------
     0 | D:1      | nrs142 the Demonspawn Conjurer began the quest for the Orb.
     0 | D:1      | Reached XP level 1. HP: 13/13 MP: 3/3
   609 | D:1      | Slain by a gnoll

Illustrated notes

Levels and vault maps discovered:
D:1:      noname_arrival_rooms_in_the_neighbourhood, layout_basic,
          dreamdust_ecumenical_altar_sealed_demon, item_on_display_a

Action                   || total
-------------------------++-------
Melee: Unarmed           ||     8
       Spear             ||     2
 Cast: Magic Dart        ||     8
Dodge: Dodged            ||     8

Table legend: (Time is in decaauts)
 A = Elapsed time spent in this place.
 B = Non-inter-level travel time spent in this place.
 C = Inter-level travel time spent in this place.
 D = Time resting spent in this place.
 E = Time spent auto-exploring this place.
 F = Levels seen in this place.
 G = Mean time per level.
                   A        B        C        D        E       F      G
               +--------+--------+--------+--------+--------+-----+--------+
         Total |    608 |    608 |      0 |      0 |    549 |   1 |  608.0 |
       Dungeon |    608 |    608 |      0 |      0 |    549 |   1 |  608.0 |
               +--------+--------+--------+--------+--------+-----+--------+

Top non-repeatable levels by time:
     D:1: 608 daAuts
